UNITED STATES SILVER LEAGUE
NORTHERN VIRGINIA RETRIEVERS VS CASPER GHOSTS
08/08/2014
 
TOP OF THE 1ST
Casper Ghosts batting - Pitching for Northern Virginia Retrievers : RHP Tom Melton
Pitching: RHP Tom Melton
Batting: LHB Alfonso López 0-0: Called Strike
0-1: SINGLE (Line Drive, 34D)
Batting: LHB Francisco Mendoza 0-0: Ball
Alfonso López steals 2nd base
1-0: Ground out 6-3 (Groundball, 6)
Alfonso López to third
Batting: LHB Mike Silver 0-0: Ball
1-0: Foul Ball, location: 2F
1-1: Foul Ball, location: 2F
1-2: Ball
2-2: Fly out, F9 (Line Drive, 9LD)
Runner from 3rd tags up, SCORES, no throw
Batting: LHB Marcos Zúñiga 0-0: Ball
1-0: Ball
2-0: Foul Ball, location: 2F
2-1: Swinging Strike
2-2: Ball
3-2: Base on Balls
Batting: SHB Juan Sánchez 0-0: Ball
Marcos Zúñiga steals 2nd base
1-0: Swinging Strike
1-1: Ball
2-1: Ball
Wild Pitch!
Marcos Zúñiga to third
3-1: Base on Balls
Batting: RHB Luis Rojas 0-0: Foul Ball, location: 2F
0-1: Foul Ball, location: 2F
0-2: Ball
1-2: Ball
2-2: DOUBLE (Line Drive, 5D)
Marcos Zúñiga scores
Juan Sánchez to third
Runner from 3rd tries for Home, SAFE, no throw or cutoff
Batting: RHB Edward Cain 0-0: Ball
1-0: Foul Ball, location: 2F
1-1: Swinging Strike
1-2: Strikes out swinging
Top of the 1st over - 3 run(s), 2 hit(s), 0 error(s), 1 left on base; Casper 3 - Northern Virginia 0
BOTTOM OF THE 1ST
Northern Virginia Retrievers batting - Pitching for Casper Ghosts : LHP Walt Johnston
Pitching: LHP Walt Johnston
Batting: LHB Luis Robles 0-0: Called Strike
0-1: Ball
1-1: Fly out, F6 (Popup, 6D)
Batting: RHB Danny Spencer 0-0: Fly out, F8 (Flyball, 8LM)
Batting: RHB Don Brown 0-0: Called Strike
0-1: Ball
1-1: SINGLE (Groundball, 6MD)
Batting: RHB Manuel Romo 0-0: TRIPLE (Flyball, 78D)
Don Brown scores
Batting: RHB Jorge Gómez 0-0: Foul Ball, location: 2F
0-1: Ball
1-1: Called Strike
1-2: Strikes out swinging
Bottom of the 1st over - 1 run(s), 2 hit(s), 0 error(s), 1 left on base; Casper 3 - Northern Virginia 1
TOP OF THE 2ND
Casper Ghosts batting - Pitching for Northern Virginia Retrievers : RHP Tom Melton
Batting: RHB Kip Jones 0-0: Called Strike
0-1: Ball
1-1: Called Strike
1-2: Ball
2-2: Ball
3-2: SINGLE (Line Drive, 8LS)
Batting: LHB Walt Johnston 0-0: Sac Bunt - play at first, batter OUT! 1-4
Kip Jones to second
Batting: LHB Alfonso López 0-0: Ball
1-0: Called Strike
1-1: Swinging Strike
1-2: Foul Ball, location: 2F
1-2: Ball
2-2: Foul Ball, location: 2F
2-2: Ball
3-2: Ground out 4-3 (Groundball, 4)
Kip Jones to third
Batting: LHB Francisco Mendoza 0-0: Called Strike
0-1: Ball
1-1: Swinging Strike
1-2: Fly out, F8 (Flyball, 8LM)
Top of the 2nd over - 0 run(s), 1 hit(s), 0 error(s), 1 left on base; Casper 3 - Northern Virginia 1
BOTTOM OF THE 2ND
Northern Virginia Retrievers batting - Pitching for Casper Ghosts : LHP Walt Johnston
Batting: LHB John Holbrook 0-0: Foul Ball, location: 2F
0-1: Fly out, F5 (Line Drive, 56S)
Batting: LHB Scott Boardman 0-0: Foul Ball, location: 2F
0-1: Foul Ball, location: 2F
0-2: Ball
1-2: Ball
2-2: Fly out, F5 (Popup, 5DF)
Batting: LHB Danny Scanlan 0-0: Called Strike
0-1: Ball
1-1: Ground out 4-3 (Groundball, 13)
Bottom of the 2nd over - 0 run(s), 0 hit(s), 0 error(s), 0 left on base; Casper 3 - Northern Virginia 1
TOP OF THE 3RD
Casper Ghosts batting - Pitching for Northern Virginia Retrievers : RHP Tom Melton
Batting: LHB Mike Silver 0-0: Called Strike
0-1: Ball
1-1: Ball
2-1: Ball
3-1: Base on Balls
Batting: LHB Marcos Zúñiga 0-0: Called Strike
0-1: Ball
1-1: Fly out, F7 (Flyball, 7M)
Batting: SHB Juan Sánchez 0-0: Called Strike
0-1: Ball
1-1: Ground out 4-3 (Groundball, 4MS)
Mike Silver to second
Batting: RHB Luis Rojas 0-0: Ball
1-0: Swinging Strike
1-1: Swinging Strike
1-2: Foul Ball, location: 2F
1-2: Fly out, F9 (Flyball, 8RD)
Top of the 3rd over - 0 run(s), 0 hit(s), 0 error(s), 1 left on base; Casper 3 - Northern Virginia 1
BOTTOM OF THE 3RD
Northern Virginia Retrievers batting - Pitching for Casper Ghosts : LHP Walt Johnston
Batting: RHB Tom Melton 0-0: Called Strike
0-1: Foul Ball, location: 2F
0-2: Strikes out swinging
Batting: LHB Luis Robles 0-0: Called Strike
0-1: SOLO HOME RUN (Flyball, 9D), Distance : 381 ft
Batting: RHB Danny Spencer 0-0: Called Strike
0-1: Ball
1-1: Ball
2-1: SINGLE (Line Drive, 4D)
Batting: RHB Don Brown 0-0: Swinging Strike
Danny Spencer steals 2nd base
0-1: Swinging Strike
0-2: Ball
1-2: Strikes out swinging
Batting: RHB Manuel Romo 0-0: Ball
1-0: 2-RUN HOME RUN (Flyball, 89XD), Distance : 418 ft
Batting: RHB Jorge Gómez 0-0: Foul Ball, location: 2F
0-1: Ball
1-1: Ball
2-1: Ball
3-1: Swinging Strike
3-2: Ground out 1-3 (Groundball, 13S)
Bottom of the 3rd over - 3 run(s), 3 hit(s), 0 error(s), 0 left on base; Casper 3 - Northern Virginia 4
TOP OF THE 4TH
Casper Ghosts batting - Pitching for Northern Virginia Retrievers : RHP Tom Melton
Batting: RHB Edward Cain 0-0: Called Strike
0-1: Ball
1-1: Ball
2-1: Ball
3-1: Called Strike
3-2: Base on Balls
Batting: RHB Kip Jones 0-0: Fielders Choice at 2nd, 4-6 (Groundball, 34)
Pinch Hitting: LHB Jason Tagwerker 0-0: Grounds into double play, 4-6-3 (Groundball, 4)
Top of the 4th over - 0 run(s), 0 hit(s), 0 error(s), 1 left on base; Casper 3 - Northern Virginia 4
BOTTOM OF THE 4TH
Northern Virginia Retrievers batting - Pitching for Casper Ghosts : LHP Walt Johnston
Pitching: LHP Greg Green
Batting: LHB John Holbrook 0-0: Swinging Strike
0-1: SOLO HOME RUN (Flyball, 9D), Distance : 392 ft
Batting: LHB Scott Boardman 0-0: Foul Ball, location: 2F
0-1: Foul Ball, location: 2F
0-2: Strikes out swinging
Batting: LHB Danny Scanlan 0-0: Called Strike
0-1: Fly out, F9 (Line Drive, 9M)
Batting: RHB Tom Melton 0-0: Ball
1-0: Ball
2-0: Ball
3-0: Called Strike
3-1: Swinging Strike
3-2: SINGLE (Groundball, 34S)
Batting: LHB Luis Robles 0-0: Ball
1-0: Called Strike
1-1: Ball
2-1: Foul Ball, location: 2F
2-2: Strikes out swinging
Bottom of the 4th over - 1 run(s), 2 hit(s), 0 error(s), 1 left on base; Casper 3 - Northern Virginia 5
TOP OF THE 5TH
Casper Ghosts batting - Pitching for Northern Virginia Retrievers : RHP Tom Melton
Batting: LHB Alfonso López 0-0: Swinging Strike
0-1: Swinging Strike
0-2: Strikes out swinging
Batting: LHB Francisco Mendoza 0-0: Called Strike
0-1: Foul Ball, location: 2F
0-2: Fly out, F7 (Flyball, 7M)
Batting: LHB Mike Silver 0-0: Called Strike
0-1: Ball
1-1: Ball
2-1: Called Strike
2-2: Strikes out swinging
Top of the 5th over - 0 run(s), 0 hit(s), 0 error(s), 0 left on base; Casper 3 - Northern Virginia 5
BOTTOM OF THE 5TH
Northern Virginia Retrievers batting - Pitching for Casper Ghosts : LHP Greg Green
Batting: RHB Danny Spencer 0-0: SINGLE (Flyball, 6MD)
Batting: RHB Don Brown 0-0: Ball
1-0: Ball
2-0: SINGLE (Groundball, 56)
Danny Spencer to second
Batting: RHB Manuel Romo 0-0: Called Strike
0-1: Ball
1-1: Ball
2-1: Foul Ball, location: 2F
2-2: Foul Ball, location: 2F
2-2: SINGLE (Line Drive, 9S)
Danny Spencer to third
Don Brown to second
Runner from 3rd tries for Home, SAFE, no throw or cutoff
Batting: RHB Jorge Gómez 0-0: Ball
1-0: Swinging Strike
Balk!
Don Brown to third
Manuel Romo to second
1-1: Intentional Walk
Batting: LHB John Holbrook 0-0: Ball
1-0: Fly out, F5 (Popup, 5F)
Batting: LHB Scott Boardman 0-0: Called Strike
0-1: Ball
1-1: Called Strike
1-2: Ball
2-2: Ball
3-2: Strikes out swinging
Pitching: RHP Aurélio Senna
Batting: LHB Danny Scanlan 0-0: Swinging Strike
0-1: Ball
1-1: Ball
2-1: DOUBLE (Flyball, 9D)
Don Brown scores
Manuel Romo scores
Jorge Gómez to third
Runner from 3rd tries for Home, SAFE, no throw or cutoff
Batting: RHB Tom Melton 0-0: Ball
1-0: Swinging Strike
1-1: Ball
2-1: Foul Ball, location: 2F
2-2: Strikes out swinging
Bottom of the 5th over - 4 run(s), 4 hit(s), 0 error(s), 1 left on base; Casper 3 - Northern Virginia 9
TOP OF THE 6TH
Casper Ghosts batting - Pitching for Northern Virginia Retrievers : RHP Tom Melton
Batting: LHB Marcos Zúñiga 0-0: Called Strike
0-1: Ball
1-1: Ball
2-1: Ground out 5-3 (Groundball, 56S)
Batting: SHB Juan Sánchez 0-0: SINGLE (Line Drive, 89S)
Batting: RHB Luis Rojas 0-0: Ball
1-0: Foul Ball, location: 2F
1-1: Ball
2-1: Foul Ball, location: 2F
2-2: SINGLE (Groundball, 56D)
Juan Sánchez to second
Batting: RHB Edward Cain 0-0: Called Strike
0-1: Foul Ball, location: 2F
0-2: Fly out, F7 (Flyball, 7M)
Batting: RHB Kip Jones 0-0: Ball
1-0: Foul Ball, location: 2F
1-1: Foul Ball, location: 2F
1-2: Ball
2-2: Ground out 1-3 (Groundball, 15S)
Top of the 6th over - 0 run(s), 2 hit(s), 0 error(s), 2 left on base; Casper 3 - Northern Virginia 9
BOTTOM OF THE 6TH
Northern Virginia Retrievers batting - Pitching for Casper Ghosts : RHP Aurélio Senna
Batting: LHB Luis Robles 0-0: Foul Ball, location: 2F
0-1: Ground out 4-3 (Groundball, 4)
Batting: RHB Danny Spencer 0-0: Swinging Strike
0-1: Ball
1-1: Ball
2-1: DOUBLE (Groundball, 5L)
Batting: RHB Don Brown 0-0: Foul Ball, location: 2F
0-1: Ball
1-1: Ball
2-1: Swinging Strike
2-2: Ground out 6-3 (Groundball, 6)
Batting: RHB Manuel Romo 0-0: Swinging Strike
0-1: Ball
1-1: Ball
2-1: Foul Ball, location: 2F
2-2: Ball
3-2: Ground out 6-3 (Groundball, 6M)
Bottom of the 6th over - 0 run(s), 1 hit(s), 0 error(s), 1 left on base; Casper 3 - Northern Virginia 9
TOP OF THE 7TH
Casper Ghosts batting - Pitching for Northern Virginia Retrievers : RHP Tom Melton
Pinch Hitting: LHB Dan Negrón 0-0: Fly out, F2 (Popup, 2RF)
Batting: LHB Alfonso López 0-0: Ball
1-0: SINGLE (Line Drive, 4D)
Batting: LHB Francisco Mendoza 0-0: Ball
1-0: Called Strike
1-1: Fielders Choice at 2nd, 3-6 (Groundball, 3)
Batting: LHB Mike Silver 0-0: Ball
1-0: Called Strike
1-1: Foul Ball, location: 2F
1-2: Strikes out swinging
Top of the 7th over - 0 run(s), 1 hit(s), 0 error(s), 1 left on base; Casper 3 - Northern Virginia 9
BOTTOM OF THE 7TH
Northern Virginia Retrievers batting - Pitching for Casper Ghosts : RHP Aurélio Senna
Pitching: RHP Wes Murray
Batting: RHB Jorge Gómez 0-0: Ball
1-0: Called Strike
1-1: Ball
2-1: Ball
3-1: SOLO HOME RUN (Flyball, 78XD), Distance : 432 ft
Pitching: RHP Héctor Guzmán
Batting: LHB John Holbrook 0-0: Called Strike
0-1: SINGLE (Flyball, 7S)
Batting: LHB Scott Boardman 0-0: Called Strike
0-1: Ball
1-1: Foul Ball, location: 2F
1-2: Fly out, F9 (Flyball, 9S)
Batting: LHB Danny Scanlan 0-0: Foul Ball, location: 2F
0-1: Fly out, F9 (Line Drive, 89M)
Pinch Hitting: LHB Jim Chaffe 0-0: Ball
1-0: Called Strike
1-1: Ball
2-1: Ground out 1-3 (Groundball, 13)
Bottom of the 7th over - 1 run(s), 2 hit(s), 0 error(s), 1 left on base; Casper 3 - Northern Virginia 10
TOP OF THE 8TH
Casper Ghosts batting - Pitching for Northern Virginia Retrievers : RHP Tom Melton
Pitching: RHP Jesús Peña
Batting: LHB Marcos Zúñiga 0-0: Swinging Strike
0-1: Ball
1-1: Ball
2-1: Foul Ball, location: 2F
2-2: SINGLE (Groundball, 3S)
Batting: SHB Juan Sánchez 0-0: Swinging Strike
0-1: Called Strike
0-2: Strikes out swinging
Batting: RHB Luis Rojas 0-0: Swinging Strike
0-1: Swinging Strike
0-2: Grounds into double play, 6-4-3 (Groundball, 6)
Top of the 8th over - 0 run(s), 1 hit(s), 0 error(s), 1 left on base; Casper 3 - Northern Virginia 10
BOTTOM OF THE 8TH
Northern Virginia Retrievers batting - Pitching for Casper Ghosts : RHP Héctor Guzmán
Batting: LHB Luis Robles 0-0: Ground out 5-3 (Groundball, 56)
Batting: RHB Danny Spencer 0-0: Ball
1-0: Ball
2-0: Fly out, F6 (Line Drive, 6)
Batting: RHB Don Brown 0-0: Ball
1-0: Ball
2-0: Called Strike
2-1: Foul Ball, location: 2F
2-2: Ground out 6-3 (Groundball, 6MS)
Bottom of the 8th over - 0 run(s), 0 hit(s), 0 error(s), 0 left on base; Casper 3 - Northern Virginia 10
TOP OF THE 9TH
Casper Ghosts batting - Pitching for Northern Virginia Retrievers : RHP Jesús Peña
Batting: RHB Edward Cain 0-0: Called Strike
0-1: Ground out 6-3 (Groundball, 6)
Batting: RHB Kip Jones 0-0: Ball
1-0: Called Strike
1-1: Foul Ball, location: 2F
1-2: Fly out, F9 (Flyball, 89M)
Pinch Hitting: LHB Tom Smith 0-0: Ground out 6-3 (Groundball, 6M)
Top of the 9th over - 0 run(s), 0 hit(s), 0 error(s), 0 left on base; Casper 3 - Northern Virginia 10
This league is powered by Out of the Park Baseball, the baseball management simulation game for PC, Mac and Linux
Thursday, April 24th, 2014 - OOTP Baseball 14.6 Build 33